 Dungeon Crawl Stone Soup version 0.21.1-1-g345015f (webtiles) character file.

414 tidbits the Charmwright (level 6, -5/51 HPs)
             Began as a Gnoll Skald on June 25, 2018.
             Was an Initiate of Cheibriados.
             Slain by a two-headed ogre
             ... wielding a +0 giant club
              (8 damage)
             ... on level 8 of the Dungeon.
             The game lasted 00:05:44 (619 turns).

tidbits the Charmwright (Gnoll Skald)                Turns: 619, Time: 00:05:45

Health: -5/51      AC:  3    Str: 14    XL:     6   Next: 91%
Magic:  5/14       EV: 15    Int: 18    God:    Cheibriados [......]
Gold:   110        SH:  0    Dex: 16    Spells: 4/15 levels left

rFire    . . .     SeeInvis .   l - +0 flail
rCold    . . .     Gourm    .   (no shield)
rNeg     . . .     Faith    .   b - +0 leather armour
rPois    .         Spirit   .   (no helmet)
rElec    .         Reflect  .   (no cloak)
rCorr    .         Harm     +   (no gloves)
MR       .....                  (no boots)
Stlth    ++........             g - amulet of harm
HPRegen  1.17/turn              (no ring)
MPRegen  0.14/turn              (no ring)

@: regenerating, very slow
A: distributed training, fangs 1, strong nose
a: Bend Time, Renounce Religion


You were on level 8 of the Dungeon.
You worshipped Cheibriados.
Cheibriados was noncommittal.
You were hungry.

You visited 2 branches of the dungeon, and saw 9 of its levels.

You collected 110 gold pieces.

Inventory:

Hand Weapons
 a - a +0 hand axe
 k - a +0 spear
 l - a +0 flail (weapon)
Missiles
 m - 15 stones (quivered)
Armour
 b - a +0 leather armour (worn)
 h - a +0 shield
Jewellery
 g - an amulet of harm (around neck)
   (You found it on level 6 of the Dungeon)
Scrolls
 e - a scroll of identify
 f - a scroll of random uselessness
 n - a scroll of remove curse
 o - a scroll of enchant weapon
Potions
 i - a potion of magic
 j - a potion of haste
Books
 c - a book of Battle

   Spells                             Type                      Level
   a - Infusion                       Charms                       1
   b - Shroud of Golubria             Charms/Translocation         2
   c - Song of Slaying                Charms                       2
   d - Spectral Weapon                Hexes/Charms                 3
   e - Regeneration                   Charms/Necromancy            3
Comestibles
 d - 2 rations


   Skills:
 + Level 5.0 Fighting
 + Level 2.1 Short Blades
 + Level 2.1 Long Blades
 + Level 5.0 Axes
 + Level 2.1 Maces & Flails
 + Level 2.1 Polearms
 + Level 2.1 Staves
 + Level 2.1 Slings
 + Level 2.1 Bows
 + Level 2.1 Crossbows
 + Level 2.1 Throwing
 + Level 3.3 Armour
 + Level 5.0 Dodging
 + Level 2.1 Stealth
 + Level 2.1 Shields
 + Level 2.1 Unarmed Combat
 + Level 5.4 Spellcasting
 + Level 1.6 Conjurations
 + Level 1.6 Hexes
 + Level 5.7 Charms
 + Level 1.6 Summonings
 + Level 1.6 Necromancy
 + Level 1.6 Translocations
 + Level 1.6 Transmutations
 + Level 1.6 Fire Magic
 + Level 1.6 Ice Magic
 + Level 1.6 Air Magic
 + Level 1.6 Earth Magic
 + Level 1.6 Poison Magic
 + Level 2.3 Invocations
 + Level 2.1 Evocations


You had 4 spell levels left.
You knew the following spells:

 Your Spells              Type           Power        Failure   Level  Hunger
g - Shroud of Golubria    Chrm/Tloc      ###.......   4%          2    #......
i - Infusion              Chrm           ####         1%          1    None
r - Regeneration          Chrm/Necr      ###.......   10%         3    ##.....
w - Spectral Weapon       Hex/Chrm       ###.....     10%         3    ##.....
y - Song of Slaying       Chrm           ####....     2%          2    #......


Dungeon Overview and Level Annotations

Branches:
Dungeon (8/15)             Temple (1/1) D:5
   Lair: D:8-11

Altars:
Cheibriados
Dithmenos
Elyvilon
Fedhas
Hepliaklqana
Kikubaaqudgha
Makhleb
Okawaru
Qazlal
Ru
Sif Muna
Trog
Uskayaw
Vehumet
Wu Jian
Xom
Yredelemnul
The Shining One

Shops:
D:5 }


Innate Abilities, Weirdness & Mutations

Your experience applies equally to all skills.
You have very sharp teeth.
Your uncanny sense of smell can sniff out nearby items.


Message History

Casting: Spectral Weapon
Confirm with . or Enter, or press ? or * to list all spells.
You draw out your weapon's spirit!
The quokka misses you. The quokka misses you.
You sock the quokka!
You kill the quokka!
Cheibriados thoroughly appreciates the change of pace.
An ogre comes into view. It is wielding a giant club.
The ogre shouts!
There is a stone staircase leading down here.
Casting: Spectral Weapon
Confirm with . or Enter, or press ? or * to list all spells.
Your skin crawls.
Casting: Regeneration
Confirm with . or Enter, or press ? or * to list all spells.
Space distorts slightly along a thin shroud covering your body.
A sky beast comes into view.
You hit the ogre.
The ogre is moderately wounded.
Your spectral weapon closely misses the ogre.
The ogre misses you.
You closely miss the ogre. You bite the ogre, but do no damage.
The ogre is moderately wounded.
Your spectral weapon barely misses the ogre.
The ogre misses you.
You hit the ogre. You bite the ogre, but do no damage.
The ogre is heavily wounded.
Your skin is crawling a little less now.
Your spectral weapon hits the ogre.
The ogre hits your spectral weapon with a giant club!
Your spectral weapon shares its damage with you!
You sock the ogre!
The ogre is almost dead.
Your spectral weapon hits the ogre.
The ogre completely misses you.
You hit the ogre.
You kill the ogre!
Cheibriados appreciates the change of pace.
Things that are here:
a giant club; an ogre corpse You swap places.
Your skin stops crawling.
There is a stone staircase leading down here.
You climb downwards.
Your summoned ally is left behind.
Your spectral weapon fades away.
Found a scroll labeled QOORIO BIDDOZ, 34 gold pieces and a scale mail.
Found a stone staircase leading down.
There is a stone staircase leading up here.
You see here a scroll labeled QOORIO BIDDOZ.
o - a scroll labeled QOORIO BIDDOZ Your shroud begins to fray at the edges.
Found a whip.
You see here 20 gold pieces.
You now have 75 gold pieces (gained 20).
Your shroud unravels.
You see here 14 gold pieces.
You now have 89 gold pieces (gained 14).
Found 21 gold pieces.
Things that are here:
a whip; 3 scrolls labeled ORUVVU DAHUM
e - 6 scrolls labeled ORUVVU DAHUM (gained 3)
As you read the scroll labeled ORUVVU DAHUM, it crumbles to dust.
It is a scroll of identify.
o - a scroll of enchant weapon
As you read the scroll of identify, it crumbles to dust.
n - a scroll of remove curse
As you read the scroll of identify, it crumbles to dust.
f - a scroll of random uselessness
As you read the scroll of identify, it crumbles to dust.
j - a potion of haste
As you read the scroll of identify, it crumbles to dust.
i - a potion of magic You see here 21 gold pieces.
You now have 110 gold pieces (gained 21).
You are feeling hungry.
A two-headed ogre comes into view. It is wielding two giant clubs.
Found 25 arrows.
Casting: Shroud of Golubria
Confirm with . or Enter, or press ? or * to list all spells.
Space distorts slightly along a thin shroud covering your body.
Casting: Shroud of Golubria
Confirm with . or Enter, or press ? or * to list all spells.
You draw out your weapon's spirit!
The two-headed ogre shouts in stereo!
Casting: Spectral Weapon
Confirm with . or Enter, or press ? or * to list all spells.
Your skin crawls.
You sock the two-headed ogre!
The two-headed ogre is lightly wounded.
Your spectral weapon hits the two-headed ogre!
The two-headed ogre completely misses you.
The two-headed ogre hits you with a giant club!!
Ouch! That really hurt!
* * * LOW HITPOINT WARNING * * *
You hit the two-headed ogre but do no damage.
The two-headed ogre is moderately wounded.
Your spectral weapon barely misses the two-headed ogre.
The two-headed ogre hits you with a giant club!
* * * LOW HITPOINT WARNING * * *
The two-headed ogre hits you with a giant club!
You die...

∆ # ## ######### .#
##..#..#.#..#..##..
#.........#@O......
#.........#(.......
#.........#.....(..
###..####.#########.
.....####.####..###
#.................#
#......)..........#
#.................#
#.................#


You could see a two-headed ogre and a friendly spectral flail.

Vanquished Creatures
  2 ogres
  A bullfrog (D:6)
  A crimson imp (D:5)
  A hound (D:6)
  2 orc wizards (D:5)
  2 gnolls (D:4)
  2 adders
  3 leopard geckos
  2 orcs (D:5)
  A ball python (D:3)
  2 giant cockroaches
  2 goblins (D:1)
  A hobgoblin (D:1)
  A quokka (D:7)
  2 frilled lizards
  A kobold (D:3)
26 creatures vanquished.

Vanquished Creatures (others)
  A spectral weapon (D:5)
1 creature vanquished.

Grand Total: 27 creatures vanquished

Notes
Turn   | Place    | Note
-------+----------+-------------------------------------------
     0 | D:1      | tidbits the Gnoll Skald began the quest for the Orb.
     0 | D:1      | Reached XP level 1. HP: 20/20 MP: 6/6
   141 | D:1      | Reached XP level 2. HP: 25/26 MP: 4/7
   145 | D:1      | Learned a level 2 spell: Song of Slaying
   148 | D:1      | Learned a level 2 spell: Shroud of Golubria
   241 | D:3      | Reached XP level 3. HP: 22/31 MP: 9/9
   246 | D:3      | Learned a level 3 spell: Regeneration
   251 | D:3      | Learned a level 3 spell: Spectral Weapon
   266 | D:4      | Reached skill level 5 in Spellcasting
   292 | D:4      | Reached skill level 1 in Invocations
   296 | D:4      | Reached skill level 1 in Short Blades
   296 | D:4      | Reached skill level 1 in Long Blades
   296 | D:4      | Reached skill level 1 in Maces & Flails
   296 | D:4      | Reached skill level 1 in Polearms
   296 | D:4      | Reached skill level 1 in Staves
   296 | D:4      | Reached skill level 1 in Slings
   296 | D:4      | Reached skill level 1 in Bows
   296 | D:4      | Reached skill level 1 in Crossbows
   296 | D:4      | Reached skill level 1 in Throwing
   296 | D:4      | Reached skill level 1 in Stealth
   296 | D:4      | Reached skill level 1 in Shields
   296 | D:4      | Reached skill level 1 in Unarmed Combat
   296 | D:4      | Reached skill level 1 in Evocations
   332 | D:5      | Entered Level 5 of the Dungeon
   353 | D:5      | Reached XP level 4. HP: 32/38 MP: 6/11
   354 | D:5      | Found a staircase to the Ecumenical Temple.
   361 | D:5      | Found Salud's Gadget Boutique.
   364 | Temple   | Entered the Ecumenical Temple
   397 | Temple   | Became a worshipper of Cheibriados the Contemplative
   438 | D:5      | Reached skill level 1 in Conjurations
   438 | D:5      | Reached skill level 1 in Hexes
   438 | D:5      | Reached skill level 1 in Summonings
   438 | D:5      | Reached skill level 1 in Necromancy
   438 | D:5      | Reached skill level 1 in Translocations
   438 | D:5      | Reached skill level 1 in Transmutations
   438 | D:5      | Reached skill level 1 in Fire Magic
   438 | D:5      | Reached skill level 1 in Ice Magic
   438 | D:5      | Reached skill level 1 in Air Magic
   438 | D:5      | Reached skill level 1 in Earth Magic
   438 | D:5      | Reached skill level 1 in Poison Magic
   438 | D:5      | Reached XP level 5. HP: 19/43 MP: 7/12
   450 | D:5      | HP: 4/43 [something (2)]
   482 | D:6      | Noticed an ogre
   488 | D:6      | Killed an ogre
   488 | D:6      | Reached skill level 3 in Armour
   488 | D:6      | Reached XP level 6. HP: 11/50 MP: 1/13
   491 | D:6      | Reached skill level 2 in Invocations
   505 | D:6      | Reached skill level 5 in Fighting
   505 | D:6      | Reached skill level 2 in Short Blades
   505 | D:6      | Reached skill level 2 in Long Blades
   505 | D:6      | Reached skill level 5 in Axes
   505 | D:6      | Reached skill level 2 in Maces & Flails
   505 | D:6      | Reached skill level 2 in Polearms
   505 | D:6      | Reached skill level 2 in Staves
   505 | D:6      | Reached skill level 2 in Slings
   505 | D:6      | Reached skill level 2 in Bows
   505 | D:6      | Reached skill level 2 in Crossbows
   505 | D:6      | Reached skill level 2 in Throwing
   505 | D:6      | Reached skill level 5 in Dodging
   505 | D:6      | Reached skill level 2 in Stealth
   505 | D:6      | Reached skill level 2 in Shields
   505 | D:6      | Reached skill level 2 in Unarmed Combat
   505 | D:6      | Reached skill level 2 in Evocations
   566 | D:7      | Noticed a sky beast
   612 | D:8      | Noticed a two-headed ogre
   619 | D:8      | HP: 3/51 [two-headed ogre/giant club (19)]
   619 | D:8      | Slain by a two-headed ogre

Skill      XL: |  1  2  3  4  5  6 |
---------------+-------------------+-----
Spellcasting   | 5 |  5.4
Invocations    | 1 2 |  2.3
Short Blades   | 1 2 |  2.1
Long Blades    | 1 2 |  2.1
Maces & Flails | 1 2 |  2.1
Polearms       | 1 2 |  2.1
Staves         | 1 2 |  2.1
Slings         | 1 2 |  2.1
Bows           | 1 2 |  2.1
Crossbows      | 1 2 |  2.1
Throwing       | 1 2 |  2.1
Stealth        | 1 2 |  2.1
Shields        | 1 2 |  2.1
Unarmed Combat | 1 2 |  2.1
Evocations     | 1 2 |  2.1
Conjurations   | 1 |  1.6
Hexes          | 1 |  1.6
Summonings     | 1 |  1.6
Necromancy     | 1 |  1.6
Translocations | 1 |  1.6
Transmutations | 1 |  1.6
Fire Magic     | 1 |  1.6
Ice Magic      | 1 |  1.6
Air Magic      | 1 |  1.6
Earth Magic    | 1 |  1.6
Poison Magic   | 1 |  1.6
Armour         | 3 |  3.3
Fighting       | 5 |  5.0
Axes           | 5 |  5.0
Dodging        | 5 |  5.0
Charms         | |  5.7

Action                   |  1- 3 |  4- 6 || total
-------------------------+-------+-------++-------
Melee: Hand axe          |    53 |    15 ||    68
       Bite              |     3 |     4 ||     7
       Flail             |       |    20 ||    20
 Cast: Infusion          |     3 |       ||     3
       Song of Slaying   |     2 |     1 ||     3
       Spectral Weapon   |     3 |     7 ||    10
       Regeneration      |     1 |     4 ||     5
       Shroud of Golubri |     1 |     3 ||     4
  Use: Potion            |       |     2 ||     2
       Scroll            |       |     5 ||     5
Armor: Leather armour    |     7 |    10 ||    17
Dodge: Dodged            |    30 |    22 ||    52

Table legend:
 A = Turns spent in this place as a percentage of turns spent in the entire game.
 B = Non-inter-level travel turns spent in this place as a percentage of non-inter-level travel turns spent in the entire game.
 C = Inter-level travel turns spent in this place as a percentage of turns spent in this place.
 D = Turns resting spent in this place as a percentage of non-inter-level travel turns spent in this place.
 E = Turns spent auto-exploring this place as a percentage of non-inter-level travel turns spent in this place.
 F = Non-inter-level travel turns spent in this place divided by the number of levels of this place that you've seen.
                   A       B       C       D       E      F
               +-------+-------+-------+-------+-------+----------------------
         Total | 100.0 | 100.0 |   5.7 |   0.0 |   0.0 |  64.9
       Dungeon |  89.5 |  94.0 |   0.9 |   0.0 |   0.0 |  68.6
        Temple |  10.5 |   6.0 |  46.2 |   0.0 |   0.0 |  35.0
               +-------+-------+-------+-------+-------+----------------------

Table legend:
 A = Kills in this place as a percentage of kills in entire the game.
 B = Kills by you in this place as a percentage of kills by you in the entire game.
 C = Kills by friends in this place as a percentage of kills by friends in the entire game.
 D = Other kills in this place as a percentage of other kills in the entire game.
 E = Experience gained in this place as a percentage of experience gained in the entire game.
 F = Experience gained in this place divided by the number of levels of this place that you have seen.
                   A       B       C       D       E      F
               +-------+-------+-------+-------+-------+----------------------
         Total | 100.0 | 100.0 |   N/A |   N/A | 100.0 |  65.8
       Dungeon | 100.0 | 100.0 |   N/A |   N/A | 100.0 |  74.0
               +-------+-------+-------+-------+-------+----------------------

Vault maps used:
D:1:      saegor_arrival_under_anarchy, hex_medium
D:2:      uniq_crazy_yiuf_cottage, uniq_jessica, uniq_terence
D:3:      minmay_shallow_snake_nest
D:4:      first_ration, uniq_sigmund
D:5:      kb_forest_paths, minmay_temple_entry_junction, basic_altar,
          serial_shops, shop, fedhas_altar_3, uniq_grinder
D:6:      kennysheep_windowed_halls, nicolae_evil_shop
D:7:      kennysheep_little_box
D:8:      uniq_joseph
Temple:   compressed_dpeg_circular_temple
